 Dungeon Crawl Stone Soup version 0.27-a0-1312-g5cdb2b3542 (webtiles) character file.

Game seed: 2785668426341860586

1208 spiderkeys the Skirmisher (level 8, 0/67 HPs)
             Began as a Gnoll Abyssal Knight on June 20, 2021.
             Was a Priest of Lugonu.
             Succumbed to a scorpion's poison
             ... on level 6 of the Dungeon.
             The game lasted 00:08:02 (7206 turns).

spiderkeys the Skirmisher (Gnoll Abyssal Knight)    Turns: 7206, Time: 00:08:02

Health: 0/67       AC:  8    Str: 13    XL:     8   Next: 45%
Magic:  8/12       EV: 11    Int: 11    God:    Lugonu [***...]
Gold:   151        SH:  4    Dex: 11    Spells: 13/13 levels left

rFire    + . .     SeeInvis .   a - +1 spear
rCold    + . .     Faith    .   d - +0 buckler
rNeg     + . .     Spirit   .   c - +0 ring mail
rPois    .         Reflect  .   f - +1 helmet
rElec    .         Harm     .   e - scarf {rC+ rF+}
rCorr    .         Rampage  .   (no gloves)
Will     +....                  (no boots)
Stlth    +.........             (no amulet)
HPRegen  0.21/turn              N - ring of positive energy
MPRegen  0.13/turn              (no ring)

@: lethally poisoned (0 -> -6)
A: fangs 1, strong nose, distributed training, hooves 1, strong-willed 1, weak 1
a: Renounce Religion, Depart the Abyss, Bend Space, Banish


You were on level 6 of the Dungeon.
You worshipped Lugonu.
Lugonu was most pleased with you.
You visited 1 branch of the dungeon, and saw 6 of its levels.
You visited the Abyss 1 time.

You collected 151 gold pieces.


Innate Abilities, Weirdness & Mutations

You have very sharp teeth.
Your uncanny sense of smell can sniff out nearby items.
Your experience applies equally to all skills.
You have large cloven feet.
You are strong-willed. (Will+)
You are weak. (Str -2)


   Skills:
 + Level 7.4 Fighting
 + Level 3.3 Short Blades
 + Level 3.3 Long Blades
 + Level 3.3 Axes
 + Level 3.3 Maces & Flails
 + Level 5.7 Polearms
 + Level 3.3 Staves
 + Level 3.3 Slings
 + Level 3.3 Bows
 + Level 3.3 Crossbows
 + Level 3.3 Throwing
 + Level 5.7 Armour
 + Level 4.2 Dodging
 + Level 3.3 Stealth
 + Level 3.3 Shields
 + Level 3.3 Unarmed Combat
 + Level 3.3 Spellcasting
 + Level 2.6 Conjurations
 + Level 2.6 Hexes
 + Level 2.6 Summonings
 + Level 2.6 Necromancy
 + Level 2.6 Translocations
 + Level 2.6 Transmutations
 + Level 2.6 Fire Magic
 + Level 2.6 Ice Magic
 + Level 2.6 Air Magic
 + Level 2.6 Earth Magic
 + Level 2.6 Poison Magic
 + Level 5.9 Invocations
 + Level 3.3 Evocations


You had 13 spell levels left.
You didn't know any spells.
Your spell library contained the following spells:

 Spells                   Type           Power      Damage    Failure   Level
 Confusing Touch          Hex            7%         N/A       47%         3
 Gell's Gravitas          Tloc           3%         N/A       47%         3
 Petrify                  Tmut/Erth      7%         N/A       87%         4
 Metabolic Englaciation   Hex/Ice        3%         N/A       99%         5
 Yara's Violent Unravell  Hex/Tmut       3%         3d4       99%         5

Inventory:

Hand Weapons
 a - a +1 spear (weapon)
 g - a +2 dagger of venom
   (You took it off a goblin on level 2 of the Dungeon)
 h - a +2 short sword of holy wrath
   (You took it off Robin on level 2 of the Dungeon)
 j - a +3 dagger
   (You took it off a goblin on level 2 of the Dungeon)
Missiles
 i - 41 poisoned darts
 k - 72 stones
 o - 10 boomerangs
 p - 49 sling bullets
 r - 74 arrows
Armour
 b - a +0 leather armour
 c - a +0 ring mail (worn)
   (You found it on level 2 of the Abyss)
 d - a +0 buckler (worn)
   (You found it on level 2 of the Abyss)
 e - a scarf of resistance (worn)
   (You found it on level 2 of the Abyss)
 f - a +1 helmet (worn)
   (You took it off Robin on level 2 of the Dungeon)
Magical Staves
 x - a staff of conjuration {!a}
   (You found it on level 4 of the Dungeon)
Jewellery
 N - a ring of positive energy (left hand)
   (You found it on level 6 of the Dungeon)
Wands
 w - a wand of polymorph (5)
   (You found it on level 4 of the Dungeon)
Scrolls
 m - a scroll of fear
 u - 2 scrolls of blinking {!r}
 v - a scroll of immolation {!r!r}
 y - 2 scrolls of magic mapping {!r}
Potions
 l - a potion of flight {unknown}
 t - a potion of lignification {unknown}
 z - a potion of might {unknown}

Dungeon Overview and Level Annotations

Branches:
Dungeon (6/15)
 Temple: D:4-7

Altars:

Annotations:
D:5 2 transporters, freelancePsychic's ghost, weakling SpDe

..........##.#
โˆ† ..........#
... ..........#
#..
#######...######
#.......#
##..###.#
#..###.#
#...##ยง#
#...##@#
###..oo#
#.##.####
#.##....####.##
โˆ†
..##..#)...o...
.....#.##....#.#
#........ ..#o#
โˆ†
##..#.#####.# ..
##.#$ .. ##


You could see 2 orcs.


Message History

๐Ÿ˜ฑ HP[+2]
You regained 2 hp, and now have 15/67 hp.
You hit the orc but do no damage. The scorpion stings you!
* * * LOW HITPOINT WARNING * * *
You are lethally poisoned!
The scorpion poisons you! ๐Ÿ˜ฑ HP[-6]
You take 6 damage, and now have 9/67 hp.
Press: ? - help, v - describe, . - travel
Here: an orc, wielding a +3 whip and wearing a +0 chain mail (almost dead)
The floor, spattered with blood.
It was a potion of heal wounds.
You feel much better.
You feel sick. The orc misses you. The scorpion misses you. ๐Ÿ˜จ HP[+21]
You regained 21 hp, and now have 30/67 hp.
You closely miss the scorpion. Your kick misses the scorpion.
You feel sick. You block the scorpion's attack.
The orc hits you but does no damage. ๐Ÿ˜จ HP[-2]
You take 2 damage, and now have 28/67 hp.
The orc shouts!
You hit the orc.
You kill the orc!
Lugonu accepts your kill.
You feel sick. The scorpion stings you!
* * * LOW HITPOINT WARNING * * *
๐Ÿ˜จ HP[-9]
You take 9 damage, and now have 19/67 hp.
You feel sick.
An orc comes into view. It is wielding a +0 flail. ๐Ÿ˜จ HP[-1]
You take 1 damage, and now have 18/67 hp.
You feel sick. The scorpion barely misses you.
You feel sick. ๐Ÿ˜จ HP[-1]
You take 1 damage, and now have 17/67 hp.
You feel sick. ๐Ÿ˜ฑ HP[-1]
You take 1 damage, and now have 16/67 hp.
You feel sick.
You are no longer poisoned. ๐Ÿ˜ฑ HP[-1]
You take 1 damage, and now have 15/67 hp.
You hit the scorpion. The scorpion stings you.
* * * LOW HITPOINT WARNING * * *
๐Ÿ˜ฑ HP[-1]
You take 1 damage, and now have 14/67 hp.
You hit the scorpion but do no damage. Your kick misses the scorpion.
You block the scorpion's attack.
The orc shouts!
You hit the scorpion but do no damage. The scorpion stings you.
* * * LOW HITPOINT WARNING * * *
You are poisoned.
The scorpion poisons you! ๐Ÿ˜ฑ HP[-4]
You take 4 damage, and now have 10/67 hp.
You feel much better.
You feel sick. The scorpion stings you!
* * * LOW HITPOINT WARNING * * *
You are more poisoned.
The scorpion poisons you!
The scorpion barely misses you. ๐Ÿ˜จ HP[+16]
You regained 16 hp, and now have 26/67 hp.
Okay, then.
Press: ? - help, Shift-Dir - straight line, f - scorpion
Aim: a scorpion (moderately wounded, chance to affect: 84%)
The scorpion is devoured by a tear in reality.
Lugonu claims a new guest.
* * * LOW HITPOINT WARNING * * *
You feel very sick. ๐Ÿ˜จ HP[-5] MP[-4]
You take 5 damage, and now have 21/67 hp.
You lost 4 mp, and now have 8/12 mp.
You hit the orc.
You feel very sick. The orc misses you. ๐Ÿ˜จ HP[-3]
You take 3 damage, and now have 18/67 hp.
You puncture the orc!
You kill the orc!
Lugonu accepts your kill.
You feel very sick. ๐Ÿ˜ฑ HP[-3]
You take 3 damage, and now have 15/67 hp.
You feel sick. You block the orc's attack.
Things that are here:
a +0 dagger; a pink potion; an orc corpse ๐Ÿ˜ฑ HP[-1]
You take 1 damage, and now have 14/67 hp.
You closely miss the orc. You kick the orc, but do no damage.
You feel sick. The orc closely misses you.
The orc hits you but does no damage. ๐Ÿ˜ฑ HP[-2]
You take 2 damage, and now have 12/67 hp.
You closely miss the orc. You kick the orc.
You feel sick. The orc hits you with a +0 hand axe.
* * * LOW HITPOINT WARNING * * *
The orc hits you with a +0 flail.
* * * LOW HITPOINT WARNING * * *
๐Ÿ˜ฑ HP[-10]
You take 10 damage, and now have 2/67 hp.
You barely miss the orc.
You die...

Skill      XL: |  1  2  3  4  5  6  7  8 |
---------------+-------------------------+-----
Short Blades   | 1 2 3 |  3.3
Long Blades    | 1 2 3 |  3.3
Axes           | 1 2 3 |  3.3
Maces & Flails | 1 2 3 |  3.3
Staves         | 1 2 3 |  3.3
Slings         | 1 2 3 |  3.3
Bows           | 1 2 3 |  3.3
Crossbows      | 1 2 3 |  3.3
Throwing       | 1 2 3 |  3.3
Stealth        | 1 2 3 |  3.3
Shields        | 1 2 3 |  3.3
Unarmed Combat | 1 2 3 |  3.3
Spellcasting   | 1 2 3 |  3.3
Evocations     | 1 2 3 |  3.3
Conjurations   | 1 2 |  2.6
Hexes          | 1 2 |  2.6
Summonings     | 1 2 |  2.6
Necromancy     | 1 2 |  2.6
Translocations | 1 2 |  2.6
Transmutations | 1 2 |  2.6
Fire Magic     | 1 2 |  2.6
Ice Magic      | 1 2 |  2.6
Air Magic      | 1 2 |  2.6
Earth Magic    | 1 2 |  2.6
Poison Magic   | 1 2 |  2.6
Dodging        | 3 4 |  4.2
Invocations    | 5 |  5.9
Polearms       | 5 |  5.7
Armour         | 5 |  5.7
Fighting       | 7 |  7.4

Action                   |  1- 3 |  4- 6 |  7- 9 || total
-------------------------+-------+-------+-------++-------
Melee: Spear             |   150 |   183 |   230 ||   563
       Bite              |    10 |    26 |    26 ||    62
       Dagger            |       |    30 |       ||    30
       Kick              |       |       |    32 ||    32
Throw: Dart              |       |     1 |       ||     1
Invok: Depart the Abyss  |     1 |       |       ||     1
       Bend Space        |       |       |     1 ||     1
       Banish            |       |       |     1 ||     1
  Use: Scroll            |     2 |     2 |     3 ||     7
       Potion            |     2 |       |     5 ||     7
 Stab: Sleeping          |       |       |     3 ||     3
Armor: Ring mail         |    37 |    50 |    47 ||   134
       Leather armour    |     1 |       |       ||     1
Dodge: Dodged            |    70 |    77 |   106 ||   253
Block: Buckler           |    22 |    33 |    42 ||    97

Levels and vault maps discovered:
D:1:      minmay_arrival_diagonal_passages, layout_basic,
          basic_ecumenical_altar, due_unseen_surprise
D:2:      layout_basic, bh_walls_and_bars, uniq_jessica, uniq_natasha,
          uniq_robin
D:3:      layout_basic
D:4:      layout_rooms, uniq_sigmund
D:5:      layout_basic, gammafunk_ghost_mausoleum
D:6:      layout_rooms, minmay_temple_entry_ruins, uniq_grinder

Notes
Turn   | Place    | Note
-------+----------+-------------------------------------------
     0 | Abyss:1  | spiderkeys the Gnoll Abyssal Knight began the quest for the
                  | Orb.
     0 | Abyss:1  | Reached XP level 1. HP: 23/23 MP: 3/3
     0 | Abyss:1  | magus.rc [v1.9.10]
    26 | Abyss:1  | Noticed a tentacled starspawn
    27 | Abyss:1  | Noticed a silent spectre
    27 | Abyss:1  | Noticed a small abomination
    27 | Abyss:1  | Noticed a raiju
    58 | Abyss:2  | Noticed a neqoxec
    69 | Abyss:2  | Noticed a wretched star
    78 | D:1      | You pass through the gate.
    78 | D:1      | Escaped the Abyss
   543 | D:1      | Reached XP level 2. HP: 29/29 MP: 5/5
   543 | D:1      | Reached * piety under Lugonu
   553 | D:1      | Found a faded altar of an unknown god.
   983 | D:1      | Reached XP level 3. HP: 29/35 MP: 6/6
  1487 | D:2      | Noticed Robin
  1529 | D:2      | Reached skill level 1 in Short Blades
  1529 | D:2      | Reached skill level 1 in Long Blades
  1529 | D:2      | Reached skill level 1 in Axes
  1529 | D:2      | Reached skill level 1 in Maces & Flails
  1529 | D:2      | Reached skill level 1 in Staves
  1529 | D:2      | Reached skill level 1 in Slings
  1529 | D:2      | Reached skill level 1 in Bows
  1529 | D:2      | Reached skill level 1 in Crossbows
  1529 | D:2      | Reached skill level 1 in Throwing
  1529 | D:2      | Reached skill level 1 in Stealth
  1529 | D:2      | Reached skill level 1 in Shields
  1529 | D:2      | Reached skill level 1 in Unarmed Combat
  1529 | D:2      | Reached skill level 1 in Spellcasting
  1529 | D:2      | Reached skill level 1 in Evocations
  1534 | D:2      | Gained mutation: Your system is resistant to poisons.
                  | (rPois) [potion of mutation]
  1534 | D:2      | Gained mutation: You do not regenerate when monsters are
                  | visible. [potion of mutation]
  1534 | D:2      | Gained mutation: You are agile. (Dex +2) [potion of
                  | mutation]
  1537 | D:2      | HP: 5/35 [Robin (4)]
  1540 | D:2      | Killed Robin
  1541 | D:2      | Reached XP level 4. HP: 6/41 MP: 7/7
  1972 | D:2      | Reached ** piety under Lugonu
  2297 | D:2      | Noticed Natasha
  2307 | D:2      | Killed Natasha
  2308 | D:2      | Reached skill level 1 in Conjurations
  2308 | D:2      | Reached skill level 1 in Hexes
  2308 | D:2      | Reached skill level 1 in Summonings
  2308 | D:2      | Reached skill level 1 in Necromancy
  2308 | D:2      | Reached skill level 1 in Translocations
  2308 | D:2      | Reached skill level 1 in Transmutations
  2308 | D:2      | Reached skill level 1 in Fire Magic
  2308 | D:2      | Reached skill level 1 in Ice Magic
  2308 | D:2      | Reached skill level 1 in Air Magic
  2308 | D:2      | Reached skill level 1 in Earth Magic
  2308 | D:2      | Reached skill level 1 in Poison Magic
  2391 | D:2      | Noticed Jessica
  2399 | D:2      | Killed Jessica
  2400 | D:2      | Reached XP level 5. HP: 38/47 MP: 8/8
  2622 | D:2      | Noticed Natasha
  2636 | D:2      | Killed Natasha
  2637 | D:2      | Reached skill level 3 in Dodging
  2913 | D:2      | Noticed Natasha
  2925 | D:2      | Killed Natasha
  3479 | D:3      | Reached skill level 5 in Invocations
  3826 | D:3      | Reached XP level 6. HP: 45/53 MP: 9/9
  3880 | D:3      | You fall into a shaft and drop 2 floors!
  3880 | D:5      | Entered Level 5 of the Dungeon
  4132 | D:5      | Reached skill level 2 in Short Blades
  4132 | D:5      | Reached skill level 2 in Long Blades
  4132 | D:5      | Reached skill level 2 in Axes
  4132 | D:5      | Reached skill level 2 in Maces & Flails
  4132 | D:5      | Reached skill level 5 in Polearms
  4132 | D:5      | Reached skill level 2 in Staves
  4132 | D:5      | Reached skill level 2 in Slings
  4132 | D:5      | Reached skill level 2 in Bows
  4132 | D:5      | Reached skill level 2 in Crossbows
  4132 | D:5      | Reached skill level 2 in Throwing
  4132 | D:5      | Reached skill level 5 in Armour
  4132 | D:5      | Reached skill level 2 in Stealth
  4132 | D:5      | Reached skill level 2 in Shields
  4132 | D:5      | Reached skill level 2 in Unarmed Combat
  4132 | D:5      | Reached skill level 2 in Spellcasting
  4132 | D:5      | Reached skill level 2 in Evocations
  4441 | D:5      | Found a transporter.
  4453 | D:5      | Noticed a necrophage
  4474 | D:5      | Reached skill level 7 in Fighting
  4474 | D:5      | Reached XP level 7. HP: 26/60 MP: 10/10
  4655 | D:5      | You pick up a book of Misfortune and begin reading...
  4655 | D:5      | You add the spells Confusing Touch, Gell's Gravitas,
                  | Petrify, Metabolic Englaciation and Yara's Violent
                  | Unravelling to your library.
  4688 | D:5      | Found a transporter.
  4688 | D:5      | Noticed freelancePsychic's ghost (weakling SpDe)
  4881 | D:4      | Reached skill level 2 in Conjurations
  4881 | D:4      | Reached skill level 2 in Hexes
  4881 | D:4      | Reached skill level 2 in Summonings
  4881 | D:4      | Reached skill level 2 in Necromancy
  4881 | D:4      | Reached skill level 2 in Translocations
  4881 | D:4      | Reached skill level 2 in Transmutations
  4881 | D:4      | Reached skill level 2 in Fire Magic
  4881 | D:4      | Reached skill level 2 in Ice Magic
  4881 | D:4      | Reached skill level 2 in Air Magic
  4881 | D:4      | Reached skill level 2 in Earth Magic
  4881 | D:4      | Reached skill level 2 in Poison Magic
  5395 | D:4      | Lost mutation: You are agile. (Dex +2) [potion of mutation]
  5395 | D:4      | Lost mutation: Your system is resistant to poisons. (rPois)
                  | [potion of mutation]
  5395 | D:4      | Lost mutation: You do not regenerate when monsters are
                  | visible. [potion of mutation]
  5395 | D:4      | Gained mutation: You are strong-willed. (Will+) [potion of
                  | mutation]
  5395 | D:4      | Gained mutation: You have large cloven feet. [potion of
                  | mutation]
  5395 | D:4      | Gained mutation: You are weak. (Str -2) [potion of
                  | mutation]
  5631 | D:4      | Reached XP level 8. HP: 49/67 MP: 12/12
  5746 | D:4      | Noticed Sigmund
  5747 | D:4      | Reached *** piety under Lugonu
  5774 | D:4      | Killed Sigmund
  5775 | D:4      | Reached skill level 3 in Short Blades
  5775 | D:4      | Reached skill level 3 in Long Blades
  5775 | D:4      | Reached skill level 3 in Axes
  5775 | D:4      | Reached skill level 3 in Maces & Flails
  5775 | D:4      | Reached skill level 3 in Staves
  5775 | D:4      | Reached skill level 3 in Slings
  5775 | D:4      | Reached skill level 3 in Bows
  5775 | D:4      | Reached skill level 3 in Crossbows
  5775 | D:4      | Reached skill level 3 in Throwing
  5775 | D:4      | Reached skill level 4 in Dodging
  5775 | D:4      | Reached skill level 3 in Stealth
  5775 | D:4      | Reached skill level 3 in Shields
  5775 | D:4      | Reached skill level 3 in Unarmed Combat
  5775 | D:4      | Reached skill level 3 in Spellcasting
  5775 | D:4      | Reached skill level 3 in Evocations
  7181 | D:6      | HP: 14/67 [scorpion (4)]
  7186 | D:6      | HP: 15/67 [orc (3)]
  7194 | D:6      | HP: 16/67 [poisoned by a scorpion]
  7202 | D:6      | HP: 15/67 [poisoned by a scorpion]
  7205 | D:6      | HP: 7/67 [orc (4)]
  7205 | D:6      | HP: 2/67 [orc (5)]
  7206 | D:6      | Succumbed to a scorpion's poison

Vanquished Creatures
  Sigmund (D:4)
  An ogre (D:5)
  2 centaurs
  A necrophage (D:4)
  2 scorpions
  A water moccasin skeleton (D:5)
  A hound (D:4)
  An orc priest (D:4)
  A bullfrog skeleton (D:4)
  Jessica (D:2)
  Natasha (thrice) (D:2)
  3 iguanas
  Robin (D:2)
  4 gnolls (D:5)
  5 adders
  A white imp (D:5)
  3 worms
  3 dart slugs
  19 orcs
  9 ball pythons
  7 bats
  5 endoplasms
  A giant cockroach (D:1)
  22 goblins
  8 hobgoblins
  2 jackals (D:2)
  3 kobolds (D:2)
  2 quokkas
  3 rats
116 creatures vanquished.

Vanquished Creatures (others)
  A lurking horror (Abyss:2)
1 creature vanquished.

Grand Total: 117 creatures vanquished

Table legend:
 A = Non-vault XP
 B = Vault XP
 C = Vault XP percentage of total XP
 D = Non-vault monster count
 E = Vault monster count
 F = Vault count percentage of total count
                 A         B        C        D         E       F
            +---------+---------+-------+---------+---------+-------
      Total |    1384 |     342 |  19.8 |     101 |      16 |  13.7
            +---------+---------+-------+---------+---------+-------
        D:1 |      41 |       0 |   0.0 |      23 |       0 |   0.0
        D:2 |     134 |     111 |  45.3 |      26 |      15 |  36.6
        D:3 |      36 |       0 |   0.0 |      12 |       0 |   0.0
        D:4 |     488 |     231 |  32.1 |      21 |       1 |   4.5
        D:5 |     563 |       0 |   0.0 |      15 |       0 |   0.0
        D:6 |     122 |       0 |   0.0 |       4 |       0 |   0.0
            +---------+---------+-------+---------+---------+-------

Illustrated notes

Table legend:
 A = Kills in this place as a percentage of kills in entire the game.
 B = Kills by you in this place as a percentage of kills by you in the entire game.
 C = Kills by friends in this place as a percentage of kills by friends in the entire game.
 D = Other kills in this place as a percentage of other kills in the entire game.
 E = Experience gained in this place as a percentage of experience gained in the entire game.
 F = Experience gained in this place divided by the number of levels of this place that you have seen.
                   A       B       C       D       E      F
               +-------+-------+-------+-------+-------+----------------------
         Total | 100.0 | 100.0 |   N/A | 100.0 | 100.0 | 215.8
       Dungeon | 100.0 | 100.0 |   N/A | 100.0 | 100.0 | 287.7
               +-------+-------+-------+-------+-------+----------------------

Table legend: (Time is in decaauts)
 A = Elapsed time spent in this place.
 B = Non-inter-level travel time spent in this place.
 C = Inter-level travel time spent in this place.
 D = Time resting spent in this place.
 E = Time spent auto-exploring this place.
 F = Levels seen in this place.
 G = Mean time per level.
                   A        B        C        D        E       F      G
               +--------+--------+--------+--------+--------+-----+--------+
         Total |   7150 |   6920 |    230 |    411 |   5470 |   8 |  893.8 |
       Dungeon |   7071 |   6841 |    230 |    411 |   5470 |   6 | 1178.5 |
         Abyss |     79 |     79 |      0 |      0 |      0 |   2 |   39.5 |
               +--------+--------+--------+--------+--------+-----+--------+

Top non-repeatable levels by time:
     D:2: 1896 daAuts
     D:4: 1567 daAuts
     D:5: 1458 daAuts
     D:1: 1225 daAuts
     D:3: 855 daAuts
     D:6: 69 daAuts
 Abyss:1: 47 daAuts
 Abyss:2: 31 daAuts
